cohdb
Replays
Latest Replays
All Replays
Popular Replays
Top Player Replays
Match Explorer
How It Works
Community
CoH3 Stats
Reddit
Sign in to upload your games and track your stats! →
Sign in with Steam
Match 42747945
Unlisted
Match 42747945
Overview
Messages
Build Orders
End
Construct Barracks
Selects Advanced Infantry Battlegroup
Selects Advanced Infantry Battlegroup
Riflemen Squad
M1 Mortar Team
Riflemen Squad
Infantry Support Center
Selects Convert to Ranger Squad
Construct Motor Pool
Riflemen Squad
Unusualsoupcan
SirSquid
SMAW
Pathfinder
Aleph
xenon
Valar[M]orgHulis
404440673
0
0
Comments
sign in to comment!
No comments posted yet!